 Dungeon Crawl Stone Soup version 0.21-a0-498-g1b60429 (webtiles) character file.

1754 tidbits the Insei (level 9, -6/72 HPs)
             Began as a Gnoll Monk on Nov 24, 2017.
             Mangled by an orc warrior
             ... wielding a +0 halberd
              (12 damage)
             ... on level 7 of the Dungeon.
             The game lasted 00:12:03 (1546 turns).

tidbits the Insei (Gnoll Monk)                      Turns: 1546, Time: 00:12:04

Health: -6/72      AC:  7    Str: 14    XL:     9   Next: 6%
Magic:  14/14      EV: 16    Int: 16    God:
Gold:   228        SH:  6    Dex: 20    Spells: 13/15 levels left

rFire    . . .     SeeInvis .   a - +6 rapier of Articulation {pierce, rC++ MR+ Dex+3}
rCold    + + .     Gourm    .   D - +0 buckler
rNeg     . . .     Faith    .   B - +0 ring mail
rPois    .         Spirit   .   E - +0 helmet
rElec    .         Reflect  .   (no cloak)
rCorr    .         Harm     .   (no gloves)
MR       +....                  (no boots)
Stlth    +++.......             (no amulet)
HPRegen  0.22/turn              (no ring)
MPRegen  0.14/turn              (no ring)

@: no status effects
A: distributed training, fangs 1, strong nose
a: no special abilities


You were on level 7 of the Dungeon.
You were not hungry.

You visited 1 branch of the dungeon, and saw 7 of its levels.

You collected 228 gold pieces.

Inventory:

Hand Weapons
 a - the +6 rapier of Articulation (weapon) {pierce, rC++ MR+ Dex+3}
   (You found it on level 6 of the Dungeon)

   It inflicts extra damage upon your enemies.
   It affects your dexterity (+3).
   It greatly protects you from cold.
   It affects your resistance to hostile enchantments.
Missiles
 e - 60 arrows
 g - 2 tomahawks (quivered)
 n - 15 bolts
Armour
 b - a +0 robe
 k - a +1 robe of positive energy
   (You took it off an orc wizard on level 5 of the Dungeon)
 B - a +0 ring mail (worn)
 D - a +0 buckler (worn)
 E - a +0 helmet (worn)
Magical Staves
 d - an uncursed staff of death {unknown}
   (You found it on level 6 of the Dungeon)
Jewellery
 m - an uncursed ring of fire
   (You found it on level 6 of the Dungeon)
Wands
 p - a wand of random effects (3)
Scrolls
 h - a scroll of remove curse
 i - a scroll of fear
 l - a scroll of noise
 o - 3 scrolls of enchant armour
 r - a scroll of enchant weapon {unknown}
Potions
 q - a potion of heal wounds
 s - a potion of curing
Books
 f - Sif Muna's Compendium of the Supportive Snowflakes
   (You found it on level 5 of the Dungeon)

   Spells                             Type                      Level
   a - Ensorcelled Hibernation        Hexes/Ice                    2
   b - Summon Forest                  Summoning/Translocation      5
   c - Freezing Cloud                 Conjuration/Ice/Air          6
   d - Spellforged Servitor           Conjuration/Summoning        7
Comestibles
 c - 2 bread rations
 j - a chunk of flesh
 t - 2 meat rations


   Skills:
 + Level 7.6 Fighting
 + Level 3.8 Short Blades
 + Level 3.8 Long Blades
 + Level 3.8 Axes
 + Level 3.8 Maces & Flails
 + Level 3.8 Polearms
 + Level 3.8 Staves
 + Level 3.8 Slings
 + Level 3.8 Bows
 + Level 3.8 Crossbows
 + Level 3.8 Throwing
 + Level 3.8 Armour
 + Level 7.6 Dodging
 + Level 5.7 Stealth
 + Level 3.8 Shields
 + Level 7.6 Unarmed Combat
 + Level 3.8 Spellcasting
 + Level 3.1 Conjurations
 + Level 3.1 Hexes
 + Level 3.1 Charms
 + Level 3.1 Summonings
 + Level 3.1 Necromancy
 + Level 3.1 Translocations
 + Level 3.1 Transmutations
 + Level 3.1 Fire Magic
 + Level 3.1 Ice Magic
 + Level 3.1 Air Magic
 + Level 3.1 Earth Magic
 + Level 3.1 Poison Magic
 + Level 4.1 Invocations
 + Level 3.8 Evocations


You had 13 spell levels left.
You knew the following spells:

 Your Spells              Type           Power        Failure   Level  Hunger
e - Ensorcelled Hibernat  Hex/Ice        ##....       14%         2    ##.....


Dungeon Overview and Level Annotations

Branches:
Dungeon (7/15)
 Temple: D:4-7

Altars:
Makhleb
Zin


Innate Abilities, Weirdness & Mutations

Your experience applies equally to all skills.
You have very sharp teeth.
Your uncanny sense of smell can sniff out nearby items.


Message History

Evoke which item? (* to show all) (? for menu, Esc to quit)
Aiming: Random Effects
Press: ? - help, Shift-Dir - straight line, f/p - orc
Aim: an orc Nothing appears to happen.
Something stings you but does no damage.
Something stings you.
* * * LOW HITPOINT WARNING * * *
Something stings you but does no damage.
Evoke which item? (* to show all) (? for menu, Esc to quit)
Aiming: Random Effects
Press: ? - help, Shift-Dir - straight line, f/p - orc
Aim: an orc The puff of flame hits the orc warrior.
The orc warrior appears unharmed.
Something barely misses you. Something stings you.
* * * LOW HITPOINT WARNING * * *
Something barely misses you.
The orc warrior hits you from afar with a halberd!
* * * LOW HITPOINT WARNING * * *
Evoke which item? (* to show all) (? for menu, Esc to quit)
Aiming: Random Effects
Press: ? - help, Shift-Dir - straight line, f/p - orc
Aim: an orc The puff of frost hits the orc warrior.
The orc warrior appears unharmed.
Something stings you.
* * * LOW HITPOINT WARNING * * *
Something stings you but does no damage.
Something stings you.
* * * LOW HITPOINT WARNING * * *
Evoke which item? (* to show all) (? for menu, Esc to quit)
Aiming: Random Effects
Press: ? - help, Shift-Dir - straight line, f/p - orc
Aim: an orc The mass of ice explodes!
The iceblast engulfs something.
You feel a bit more experienced.
The iceblast engulfs the orc warrior.
The orc warrior is heavily wounded.
The iceblast engulfs you! You partially resist.
* * * LOW HITPOINT WARNING * * *
You hear a loud, deep croak!
The orc warrior misses you.
Evoke which item? (* to show all) (? for menu, Esc to quit)
Okay, then.
You feel much better.
The orc warrior hits you from afar with a halberd!
* * * LOW HITPOINT WARNING * * *
Okay, then.
Okay, then.
Okay, then.
Okay, then.
Evoke which item? (* to show all) (? for menu, Esc to quit)
Aiming: Random Effects
Press: ? - help, Shift-Dir - straight line, f/p - orc
Aim: an orc The puff of flame hits the orc warrior.
The orc warrior appears unharmed.
The orc warrior is heavily wounded.
You block the orc warrior's attack.
Evoke which item? (* to show all) (? for menu, Esc to quit)
Aiming: Random Effects
Press: ? - help, Shift-Dir - straight line, f/p - orc
Aim: an orc The puff of frost misses the orc warrior.
The puff of frost misses the orc.
You block the orc warrior's attack.
Evoke which item? (* to show all) (? for menu, Esc to quit)
Aiming: Random Effects
Press: ? - help, Shift-Dir - straight line, f/p - orc
Aim: an orc The orc warrior seems to speed up.
The orc warrior barely misses you.
Evoke which item? (* to show all) (? for menu, Esc to quit)
Aiming: Random Effects
Press: ? - help, Shift-Dir - straight line, f/p - orc
Aim: an orc The mass of ice explodes!
The iceblast engulfs the orc warrior.
The orc warrior is almost dead.
The iceblast engulfs the orc.
You kill the orc!
You hear a croak.
The orc warrior hits you from afar with a halberd!
* * * LOW HITPOINT WARNING * * *
Evoke which item? (* to show all) (? for menu, Esc to quit)
Aiming: Random Effects
Press: ? - help, Shift-Dir - straight line, f - orc warrior
Aim: an orc warrior, wielding a halberd and wearing a plate armour (almost dead, fast)
The puff of flame hits the orc warrior.
The orc warrior appears unharmed.
The orc warrior is almost dead.
You block the orc warrior's attack. The orc warrior barely misses you.
Evoke which item? (* to show all) (? for menu, Esc to quit)
Aiming: Random Effects
Press: ? - help, Shift-Dir - straight line, f - orc warrior
Aim: an orc warrior, wielding a halberd and wearing a plate armour (almost dead, fast) Nothing appears to happen.
You hear a loud, deep croak!
The orc warrior hits you from afar with a halberd.
* * * LOW HITPOINT WARNING * * *
Evoke which item? (* to show all) (? for menu, Esc to quit)
Aiming: Random Effects
Press: ? - help, Shift-Dir - straight line, f - orc warrior
Aim: an orc warrior, wielding a halberd and wearing a plate armour (almost dead, fast)
The orc warrior seems to slow down.
The orc warrior hits you from afar with a halberd!
You die...

#.....# .. ##.#.#.#
#y ####...##.# #.
#.........# #.
#.##...#### #.
#.###.## #. #.# #.#
#.##.#######.###.#
#..))).o†@.......#
...#################
∆ ∆


You could see an orc warrior.

Vanquished Creatures
  An orc warrior (D:6)
  2 sky beasts
  A phantom (D:4)
  An ice beast (D:6)
  4 ogres
  A scorpion (D:7)
  5 killer bees (D:7)
  2 crimson imps
  A howler monkey (D:5)
  A centaur zombie (D:6)
  3 hounds
  2 orc priests
  A jelly (D:6)
  3 orc wizards
  A bullfrog skeleton (D:4)
  6 worker ants
  Robin (D:3)
  A worker ant zombie (D:5)
  7 adders
  An adder skeleton (D:5)
  An adder zombie (D:5)
  A worm (D:6)
  A dart slug (D:4)
  A leopard gecko (D:4)
  5 orcs
  5 giant cockroaches
  10 goblins
  2 hobgoblins (D:3)
  A quokka (D:7)
  A frilled lizard (D:3)
  A kobold (D:3)
  A rat (D:3)
75 creatures vanquished.

Notes
Turn   | Place    | Note
-------+----------+-------------------------------------------
     0 | D:1      | tidbits the Gnoll Monk began the quest for the Orb.
     0 | D:1      | Reached XP level 1. HP: 23/23 MP: 1/1
   154 | D:3      | Noticed Robin
   164 | D:3      | Reached XP level 2. HP: 25/29 MP: 2/2
   171 | D:3      | Killed Robin
   180 | D:3      | Reached XP level 3. HP: 22/35 MP: 3/3
   201 | D:3      | Found a glowing silver altar of Zin.
   236 | D:4      | Noticed a phantom
   236 | D:4      | Reached skill level 1 in Invocations
   273 | D:4      | Killed a phantom
   273 | D:4      | Reached skill level 1 in Short Blades
   273 | D:4      | Reached skill level 1 in Long Blades
   273 | D:4      | Reached skill level 1 in Axes
   273 | D:4      | Reached skill level 1 in Maces & Flails
   273 | D:4      | Reached skill level 1 in Polearms
   273 | D:4      | Reached skill level 1 in Staves
   273 | D:4      | Reached skill level 1 in Slings
   273 | D:4      | Reached skill level 1 in Bows
   273 | D:4      | Reached skill level 1 in Crossbows
   273 | D:4      | Reached skill level 1 in Throwing
   273 | D:4      | Reached skill level 1 in Armour
   273 | D:4      | Reached skill level 1 in Shields
   273 | D:4      | Reached skill level 1 in Spellcasting
   273 | D:4      | Reached skill level 1 in Conjurations
   273 | D:4      | Reached skill level 1 in Hexes
   273 | D:4      | Reached skill level 1 in Charms
   273 | D:4      | Reached skill level 1 in Summonings
   273 | D:4      | Reached skill level 1 in Necromancy
   273 | D:4      | Reached skill level 1 in Translocations
   273 | D:4      | Reached skill level 1 in Transmutations
   273 | D:4      | Reached skill level 1 in Fire Magic
   273 | D:4      | Reached skill level 1 in Ice Magic
   273 | D:4      | Reached skill level 1 in Air Magic
   273 | D:4      | Reached skill level 1 in Earth Magic
   273 | D:4      | Reached skill level 1 in Poison Magic
   273 | D:4      | Reached skill level 1 in Evocations
   273 | D:4      | Reached XP level 4. HP: 30/41 MP: 4/6
   273 | D:4      | Reached XP level 5. HP: 34/47 MP: 4/7
   464 | D:5      | Entered Level 5 of the Dungeon
   483 | D:5      | Noticed an ogre
   490 | D:5      | Killed an ogre
   490 | D:5      | Reached skill level 2 in Invocations
   490 | D:5      | Reached XP level 6. HP: 40/53 MP: 8/8
   515 | D:5      | Found a burning altar of Makhleb.
   515 | D:5      | Noticed a blizzard demon
   585 | D:5      | Reached skill level 2 in Short Blades
   585 | D:5      | Reached skill level 2 in Long Blades
   585 | D:5      | Reached skill level 2 in Axes
   585 | D:5      | Reached skill level 2 in Maces & Flails
   585 | D:5      | Reached skill level 2 in Polearms
   585 | D:5      | Reached skill level 2 in Staves
   585 | D:5      | Reached skill level 2 in Slings
   585 | D:5      | Reached skill level 2 in Bows
   585 | D:5      | Reached skill level 2 in Crossbows
   585 | D:5      | Reached skill level 2 in Throwing
   585 | D:5      | Reached skill level 2 in Armour
   585 | D:5      | Reached skill level 2 in Shields
   585 | D:5      | Reached skill level 2 in Spellcasting
   585 | D:5      | Reached skill level 2 in Evocations
   696 | D:5      | Reached XP level 7. HP: 23/59 MP: 10/10
   702 | D:5      | Identified Sif Muna's Compendium of the Supportive Snowflakes
   707 | D:5      | Learned a level 2 spell: Ensorcelled Hibernation
   759 | D:5      | HP: 4/59 [ogre/giant club (21)]
   762 | D:5      | Reached skill level 7 in Fighting
   762 | D:5      | Reached skill level 7 in Dodging
   762 | D:5      | Reached skill level 7 in Unarmed Combat
   934 | D:5      | Reached skill level 2 in Conjurations
   934 | D:5      | Reached skill level 2 in Hexes
   934 | D:5      | Reached skill level 2 in Charms
   934 | D:5      | Reached skill level 2 in Summonings
   934 | D:5      | Reached skill level 2 in Necromancy
   934 | D:5      | Reached skill level 2 in Translocations
   934 | D:5      | Reached skill level 2 in Transmutations
   934 | D:5      | Reached skill level 2 in Fire Magic
   934 | D:5      | Reached skill level 2 in Ice Magic
   934 | D:5      | Reached skill level 2 in Air Magic
   934 | D:5      | Reached skill level 2 in Earth Magic
   934 | D:5      | Reached skill level 2 in Poison Magic
  1086 | D:5      | Reached skill level 5 in Stealth
  1142 | D:6      | Got a twisted rapier
  1143 | D:6      | Identified the +6 rapier of Articulation {pierce, rC++ MR+ Dex+3} (You found it on level 6 of the Dungeon)
  1203 | D:6      | Reached skill level 3 in Invocations
  1207 | D:6      | Reached XP level 8. HP: 67/67 MP: 10/12
  1255 | D:6      | Reached skill level 3 in Short Blades
  1255 | D:6      | Reached skill level 3 in Long Blades
  1255 | D:6      | Reached skill level 3 in Axes
  1255 | D:6      | Reached skill level 3 in Maces & Flails
  1255 | D:6      | Reached skill level 3 in Polearms
  1255 | D:6      | Reached skill level 3 in Staves
  1255 | D:6      | Reached skill level 3 in Slings
  1255 | D:6      | Reached skill level 3 in Bows
  1255 | D:6      | Reached skill level 3 in Crossbows
  1255 | D:6      | Reached skill level 3 in Throwing
  1255 | D:6      | Reached skill level 3 in Armour
  1255 | D:6      | Reached skill level 3 in Shields
  1255 | D:6      | Reached skill level 3 in Spellcasting
  1255 | D:6      | Reached skill level 3 in Evocations
  1451 | D:7      | Reached skill level 4 in Invocations
  1455 | D:7      | Reached skill level 3 in Conjurations
  1455 | D:7      | Reached skill level 3 in Hexes
  1455 | D:7      | Reached skill level 3 in Charms
  1455 | D:7      | Reached skill level 3 in Summonings
  1455 | D:7      | Reached skill level 3 in Necromancy
  1455 | D:7      | Reached skill level 3 in Translocations
  1455 | D:7      | Reached skill level 3 in Transmutations
  1455 | D:7      | Reached skill level 3 in Fire Magic
  1455 | D:7      | Reached skill level 3 in Ice Magic
  1455 | D:7      | Reached skill level 3 in Air Magic
  1455 | D:7      | Reached skill level 3 in Earth Magic
  1455 | D:7      | Reached skill level 3 in Poison Magic
  1460 | D:7      | Reached XP level 9. HP: 31/72 MP: 9/14
  1538 | D:7      | HP: 3/72 [shot self (18)]
  1545 | D:7      | HP: 6/72 [orc warrior/halberd (4)]
  1546 | D:7      | Mangled by an orc warrior

Vault maps used:
D:1:      roderic_crossed_star, kennysheep_another_room
D:2:      uniq_terence
D:3:      nicolae_overflow_crystal_walls, chequers_ecumenical_altar_lobes,
          okawaru_altar_gauntlet_db, uniq_ijyb, uniq_robin, uniq_grinder
D:4:      minmay_temple_entry_enclosed_plants, first_bread
D:5:      cheibrodos_barr_body, makhleb_altar_promises_db
D:6:      nzn_random_ring, uniq_eustachio
D:7:      serial_shops, shop, feat_on_display

Skill      XL: |  1  2  3  4  5  6  7  8 |
---------------+-------------------------+-----
Invocations    | 1 2 3 4 |  4.1
Short Blades   | 1 2 3 |  3.8
Long Blades    | 1 2 3 |  3.8
Axes           | 1 2 3 |  3.8
Maces & Flails | 1 2 3 |  3.8
Polearms       | 1 2 3 |  3.8
Staves         | 1 2 3 |  3.8
Slings         | 1 2 3 |  3.8
Bows           | 1 2 3 |  3.8
Crossbows      | 1 2 3 |  3.8
Throwing       | 1 2 3 |  3.8
Armour         | 1 2 3 |  3.8
Shields        | 1 2 3 |  3.8
Spellcasting   | 1 2 3 |  3.8
Conjurations   | 1 2 3 |  3.1
Hexes          | 1 2 3 |  3.1
Charms         | 1 2 3 |  3.1
Summonings     | 1 2 3 |  3.1
Necromancy     | 1 2 3 |  3.1
Translocations | 1 2 3 |  3.1
Transmutations | 1 2 3 |  3.1
Fire Magic     | 1 2 3 |  3.1
Ice Magic      | 1 2 3 |  3.1
Air Magic      | 1 2 3 |  3.1
Earth Magic    | 1 2 3 |  3.1
Poison Magic   | 1 2 3 |  3.1
Evocations     | 1 2 3 |  3.8
Fighting       | 7 |  7.6
Dodging        | 7 |  7.6
Unarmed Combat | 7 |  7.6
Stealth        | 5 |  5.7

Action                   |  1- 3 |  4- 6 |  7- 9 || total
-------------------------+-------+-------+-------++-------
Melee: Unarmed           |    54 |    73 |    23 ||   150
       Bite              |     4 |     9 |    12 ||    25
       Rapier            |       |       |    71 ||    71
Throw: Tomahawk          |       |       |     3 ||     3
 Cast: Ensorcelled Hiber |       |       |     7 ||     7
Evoke: Wand              |       |       |    33 ||    33
  Use: Potion            |     3 |     1 |     3 ||     7
       Scroll            |       |     3 |     3 ||     6
 Stab: Invisible         |     4 |       |       ||     4
       Sleeping          |     1 |     3 |     8 ||    12
       Paralysed         |       |       |    16 ||    16
  Eat: Chunk             |       |       |     3 ||     3
       Royal jelly       |       |       |     1 ||     1
Armor: Robe              |     4 |     7 |       ||    11
       Skin              |       |     3 |       ||     3
       Ring mail         |       |       |    13 ||    13
Dodge: Dodged            |    29 |    27 |    59 ||   115
Block: Buckler           |     6 |    16 |    22 ||    44

Table legend:
 A = Spawn XP
 B = Non-spawn XP
 C = Spawn XP percentage of total XP
 D = Spawn monster count
 E = Non-spawn monster count
 F = Spawn count percentage of total count
 G = Total turns spent on level
                    A         B        C        D         E        F      G
               +---------+---------+-------+---------+---------+-------+---------
         Total |       0 |    2507 |   0.0 |       0 |      75 |   0.0 |  1546
               +---------+---------+-------+---------+---------+-------+---------
           D:1 |       0 |       2 |   0.0 |       0 |       1 |   0.0 |   100
           D:3 |       0 |      43 |   0.0 |       0 |      17 |   0.0 |   168
           D:4 |       0 |     200 |   0.0 |       0 |       7 |   0.0 |   169
           D:5 |       0 |     784 |   0.0 |       0 |      19 |   0.0 |   642
           D:6 |       0 |    1009 |   0.0 |       0 |      18 |   0.0 |   274
           D:7 |       0 |     469 |   0.0 |       0 |      13 |   0.0 |   162
               +---------+---------+-------+---------+---------+-------+---------

Table legend:
 A = Turns spent in this place as a percentage of turns spent in the entire game.
 B = Non-inter-level travel turns spent in this place as a percentage of non-inter-level travel turns spent in the entire game.
 C = Inter-level travel turns spent in this place as a percentage of turns spent in this place.
 D = Turns resting spent in this place as a percentage of non-inter-level travel turns spent in this place.
 E = Turns spent auto-exploring this place as a percentage of non-inter-level travel turns spent in this place.
 F = Non-inter-level travel turns spent in this place divided by the number of levels of this place that you've seen.
                   A       B       C       D       E      F
               +-------+-------+-------+-------+-------+----------------------
         Total | 100.0 | 100.0 |   0.8 |   0.0 |   0.0 | 219.1
       Dungeon | 100.0 | 100.0 |   0.8 |   0.0 |   0.0 | 219.1
               +-------+-------+-------+-------+-------+----------------------

Table legend:
 A = Kills in this place as a percentage of kills in entire the game.
 B = Kills by you in this place as a percentage of kills by you in the entire game.
 C = Kills by friends in this place as a percentage of kills by friends in the entire game.
 D = Other kills in this place as a percentage of other kills in the entire game.
 E = Experience gained in this place as a percentage of experience gained in the entire game.
 F = Experience gained in this place divided by the number of levels of this place that you have seen.
                   A       B       C       D       E      F
               +-------+-------+-------+-------+-------+----------------------
         Total | 100.0 | 100.0 |   N/A |   N/A | 100.0 | 358.1
       Dungeon | 100.0 | 100.0 |   N/A |   N/A | 100.0 | 358.1
               +-------+-------+-------+-------+-------+----------------------

Vault maps used:
D:1:      roderic_crossed_star, kennysheep_another_room
D:2:      uniq_terence
D:3:      nicolae_overflow_crystal_walls, chequers_ecumenical_altar_lobes,
          okawaru_altar_gauntlet_db, uniq_ijyb, uniq_robin, uniq_grinder
D:4:      minmay_temple_entry_enclosed_plants, first_bread
D:5:      cheibrodos_barr_body, makhleb_altar_promises_db
D:6:      nzn_random_ring, uniq_eustachio
D:7:      serial_shops, shop, feat_on_display
